 Dungeon Crawl Stone Soup version 0.23.1 (webtiles) character file.

Game seed: 7063310187082168673

417 Borgoz the Sneak (level 6, -7/50 (51) HPs)
             Began as a Ghoul Enchanter on Mar 2, 2019.
             Mangled by a gnoll shaman
             ... wielding a +2 vampiric whip
              (8 damage)
             ... on level 4 of the Dungeon.
             The game lasted 00:10:13 (4203 turns).

Borgoz the Sneak (Ghoul Enchanter)                  Turns: 4203, Time: 00:10:14

HP:   -7/50 (51)    AC:  5    Str: 16 (17) XL:     6   Next: 93%
MP:   7/7           EV: 11    Int: 10      God:
Gold: 103           SH:  0    Dex: 10 (11) Spells: 5/8 levels left

rFire    . . .     SeeInvis +   a - +1 dagger
rCold    + . .     Gourm    .   (no shield)
rNeg     + + +     Faith    .   e - +0 ring mail
rPois    ∞         Spirit   .   (no helmet)
rElec    .         Reflect  .   (no cloak)
rCorr    .         Harm     .   (no gloves)
MR       .....                  (no boots)
Stlth    +.........             (no amulet)
HPRegen  0.00/turn              p - ring of see invisible
MPRegen  0.10/turn              (no ring)

@: mighty, rotting
A: rotting body, claws 1, carnivore, cold resistance 1, negative energy
resistance 3, inhibited regeneration, torment resistance, unbreathing
a: no special abilities


You were on level 4 of the Dungeon.
You were not hungry.

You visited 1 branch of the dungeon, and saw 4 of its levels.
You also visited: Sewer.

You collected 103 gold pieces.

Inventory:

Hand Weapons
 a - a +1 dagger (weapon)
 i - a +0 arbalest
Missiles
 f - 30 bolts
 l - 34 poisoned needles
 o - 4 tomahawks (quivered)
Armour
 e - a +0 ring mail (worn)
Jewellery
 j - an uncursed ring of ice
 m - an uncursed amulet of faith
 p - a ring of see invisible (left claw)
Scrolls
 c - 3 scrolls of identify
 k - 6 scrolls of remove curse
 n - 4 scrolls of teleportation
 u - a scroll of fear
Potions
 g - a potion of agility
 h - a potion of haste
 t - 2 potions of brilliance {unknown}
Comestibles
 d - 7 rations


   Skills:
 + Level 3.1 Fighting
 * Level 3.1 Short Blades
 + Level 1.9 Throwing
 + Level 2.5 Armour
 + Level 3.2 Dodging
 - Level 3.2 Stealth
 - Level 1.7 Spellcasting
 - Level 2.4 Hexes


You had 5 spell levels left.
You knew the following spells:

 Your Spells              Type           Power        Failure   Level  Hunger
a - Corona                Hex            #......      22%         1    ##.....
b - Ensorcelled Hibernat  Hex/Ice        #.....       50%         2    ###....

Your spell library contained the following spells:

 Spells                   Type           Power        Failure   Level  Hunger
 Confuse                  Hex            #.......     54%         3    ####...
 Tukima's Dance           Hex            #.......     54%         3    ####...
 Dazzling Spray           Conj/Hex       #.....       73%         3    ####...


Dungeon Overview and Level Annotations

Branches:
Dungeon (4/15)
 Temple: D:4-7

Altars:
Elyvilon
Trog


Innate Abilities, Weirdness & Mutations

Your body is rotting away.
You thrive on raw meat.
You are immune to poison.
You have sharp fingernails.
You are carnivorous and can eat meat at any time.
Your flesh is cold resistant. (rC+)
You are immune to negative energy. (rN+++)
You do not regenerate when monsters are visible.
You are immune to unholy pain and torment.
You can survive without breathing.


Message History

The gnoll shaman hits you but does no damage.
The gnoll closely misses you.
You barely miss the gnoll shaman.
The gnoll shaman is severely wounded.
The gnoll shaman closely misses you. The gnoll hits you but does no damage.
You closely miss the gnoll shaman.
The gnoll shaman is severely wounded.
The gnoll shaman hits you with a +2 vampiric whip.
* * * LOW HITPOINT WARNING * * *
The gnoll barely misses you.
Your ring mail prevents you from hitting the gnoll shaman.
The gnoll shaman is severely wounded.
The gnoll shaman hits you with a +2 vampiric whip.
* * * LOW HITPOINT WARNING * * *
The gnoll hits you from afar with a +0 spear.
* * * LOW HITPOINT WARNING * * *
You closely miss the gnoll shaman.
The gnoll shaman is severely wounded.
The gnoll shaman hits you with a +2 vampiric whip!
You die...

#..# #..# .# #..#
##.## .# #..#
##...##.###.
#..####.....#....>
#.>...........#
##.####.....#....#
####...##.....#
#..).........##
#.###@###.#.## #
#g# #$# g.# # ####


You could see a gnoll shaman and a gnoll.

Vanquished Creatures
  A necrophage (D:3)
  A hound (D:4)
  An orc wizard (D:4)
  3 gnolls
  5 river rats (Sewer)
  10 adders
  An ooze (D:1)
  3 worms
  4 leopard geckos
  8 orcs
  4 ball pythons
  3 giant cockroaches
  2 goblins
  5 hobgoblins
  2 jackals (D:3)
  11 kobolds
  3 quokkas (D:2)
  5 bats
  11 frilled lizards
  23 rats
106 creatures vanquished.

Notes
Turn   | Place    | Note
-------+----------+-------------------------------------------
     0 | D:1      | Borgoz the Ghoul Enchanter began the quest for the Orb.
     0 | D:1      | Reached XP level 1. HP: 14/14 MP: 2/2
   221 | D:2      | Reached skill level 1 in Short Blades
   365 | D:2      | Reached XP level 2. HP: 21/22 MP: 3/3
   385 | D:2      | Reached skill level 1 in Fighting
   389 | D:2      | Learned a level 2 spell: Ensorcelled Hibernation
   458 | D:2      | Reached XP level 3. HP: 28/28 MP: 4/4
   557 | D:2      | Reached skill level 1 in Armour
   923 | D:2      | Reached XP level 4. HP: 34/36 MP: 5/5
  1835 | D:3      | Reached XP level 5. HP: 36/40 MP: 6/6
  1839 | D:3      | Noticed a necrophage
  1868 | D:3      | Killed a necrophage
  1868 | D:3      | Reached skill level 1 in Throwing
  1977 | D:3      | Reached XP level 6. HP: 40/50 MP: 7/7
  2067 | D:3      | Found a white marble altar of Elyvilon.
  2067 | D:3      | Found a bloodstained altar of Trog.
  2095 | D:3      | Found a glowing drain.
  2114 | Sewer    | Entered a sewer
  4202 | D:4      | HP: 1/50 [gnoll/+0 spear (4)]
  4203 | D:4      | Mangled by a gnoll shaman

Skill      XL: |  1  2  3  4  5  6 |
---------------+-------------------+-----
Short Blades   | 1 2 3 |  3.1
Dodging        | 2 3 |  3.2
Fighting       | 1 2 3 |  3.1
Armour         | 1 2 |  2.5
Throwing       | 1 |  1.9
Stealth        | |  3.2
Spellcasting   | |  1.7
Hexes          | |  2.4

Action                   |  1- 3 |  4- 6 || total
-------------------------+-------+-------++-------
Melee: Dagger            |   133 |   513 ||   646
 Cast: Ensorcelled Hiber |       |     8 ||     8
       Corona            |       |     3 ||     3
  Use: Potion            |     1 |    10 ||    11
       Scroll            |     3 |     3 ||     6
 Stab: Sleeping          |     4 |     9 ||    13
  Eat: Chunk             |    10 |    31 ||    41
Armor: Robe              |     8 |       ||     8
       Ring mail         |    33 |   144 ||   177
Dodge: Dodged            |    69 |   266 ||   335
